Map: Dusk Towers

Players

MythiC - Winner!

  • Race: Terran Terran
  • League: Grandmaster

RiSky

  • Race: Zerg Zerg
  • League: Grandmaster

VOD

Have the link to the VOD?

Description

Time

  • Played on: May 4, 2016, 7:49 p.m.
  • Length: 13:27
Show
View Real Time Build Order
Export as new Build Order

MythiC Terran - Winner!

Build Orders: Reaper Expand, MMM Bio 

Get SALT Encoding   

  12  0:01  SCV  
  13  0:13  SCV  
  14  0:17  Supply Depot  
  14  0:25  SCV  
  15  0:39  SCV  
  16  0:42  Barracks  
  16  0:46  Refinery  
  16  0:51  SCV  
  17  1:03  SCV  
  18  1:15  SCV  
  19  1:31  Orbital Command  
  19  1:33  Reaper  
  19  1:39  Command Center  
  20  1:50  Supply Depot  
  20  1:57  SCV  
  21  2:09  SCV  
  21  2:10  Barracks Reactor  
  21  2:12  Barracks  
  22  2:17  Refinery  
  22  2:21  SCV  
  23  2:27  Factory  
  23  2:33  SCV  
  24  2:45  SCV  
  25  2:51  Orbital Command  
  25  2:52  Marine  
  25  2:53  Marine  
  25  2:57  SCV  
  28  3:05  Barracks Tech Lab  
  28  3:10  Marine, SCV  
  28  3:11  Marine  
  28  3:12  Starport  
  31  3:19  SCV  
  32  3:23  SCV  
  33  3:28  Marine  
  33  3:29  Marine  
  33  3:31  SCV  
  33  3:34  Marine, Stimpack, Factory Reactor  
  35  3:36  SCV  
  37  3:41  Supply Depot  
  37  3:43  SCV  
  37  3:46  Marine x2  
  40  3:49  SCV  
  40  3:51  Marine, Refinery  
  40  3:55  SCV  
  43  4:01  SCV  
  44  4:04  Marine x2  
  44  4:07  SCV  
  44  4:08  Supply Depot  
  44  4:09  Marine  
  48  4:16  Supply Depot  
  48  4:19  Medivac  
  48  4:20  Medivac  
  48  4:21  SCV  
  48  4:22  SCV  
  54  4:25  Factory Reactor  
  54  4:30  Marine x3  
  57  4:33  SCV, Supply Depot  
  57  4:34  SCV  
  59  4:45  SCV  
  60  4:46  SCV  
  60  4:49  Marine x2  
  60  4:50  Marine  
  64  4:57  SCV  
  64  4:59  SCV  
  66  5:00  Command Center  
  66  5:01  Supply Depot  
  66  5:02  Medivac x2  
  66  5:03  Widow Mine  
  66  5:05  Widow Mine  
  74  5:09  SCV  
  74  5:11  Marine x2  
  74  5:12  Marine  
  74  5:13  Supply Depot  
  78  5:23  SCV x2, Liberator  
  80  5:29  Marine x2  
  80  5:34  Marine, Combat Shields  
  80  5:35  SCV, Widow Mine x2  
  84  5:41  SCV  
  92  5:47  SCV  
  92  5:48  Marine  
  94  5:51  Supply Depot  
  94  5:52  Supply Depot  
  94  5:53  Refinery  
  94  5:54  Liberator  
  94  6:11  Marine x3, SCV x2, Widow Mine x2  
  94  6:12  Engineering Bay  
  94  6:13  Engineering Bay  
  94  6:15  Orbital Command  
  106  6:24  SCV x2  
  108  6:31  Marine x2  
  109  6:39  Marine  
  103  6:44  SCV  
  102  6:48  Widow Mine x2  
  102  6:49  Marine x2  
  105  6:56  Medivac x2  
  105  6:57  Marine  
  110  7:07  Marine, Terran Infantry Armor Level 1, Terran Infantry Weapons Level 1  
  111  7:10  SCV x2  
  111  7:12  Marine, Barracks x2  
  111  7:14  Barracks  
  111  7:15  Marine  
  115  7:23  SCV, Orbital Command  
  115  7:25  Armory  
  116  7:33  Refinery  
  116  7:36  Marine  
  116  7:37  Marine x2  
  116  7:38  Medivac  
  116  7:39  Medivac  
  123  7:45  SCV x2, Supply Depot x2  
  123  7:48  Factory Reactor  
  123  7:50  SCV  
  126  7:57  SCV x2  
  128  7:59  Marine x2  
  128  8:00  Barracks Reactor x2  
  128  8:01  Barracks Reactor  
  128  8:02  SCV  
  131  8:09  SCV  
  131  8:10  Supply Depot  
  132  8:15  SCV  
  132  8:16  Barracks  
  132  8:17  Barracks x2  
  132  8:18  Marauder  
  135  8:21  SCV  
  135  8:24  Terran Ship Weapons Level 1  
  133  8:28  Marine x2  
  133  8:29  Supply Depot x2  
  133  8:33  Liberator x2  
  135  8:40  Command Center  
  135  8:47  Missile Turret  
  134  8:49  Missile Turret x2  
  140  8:59  Marine x6, Marauder  
  138  9:06  Marine  
  138  9:07  Marine  
  138  9:16  Marine  
  138  9:17  Barracks Tech Lab  
  138  9:18  Barracks Tech Lab  
  138  9:20  Marauder  
  138  9:21  Barracks Tech Lab  
  138  9:22  Refinery  
  123  9:25  Marine x2  
  123  9:27  Starport  
  123  9:29  Marine  
  126  9:32  Marine x3  
  126  9:33  Widow Mine x2  
  126  9:36  Medivac x2  
  126  9:37  Marauder x2  
  139  9:40  Marine x2  
  139  9:41  Marauder  
  139  9:42  Marauder  
  139  9:43  Marine x2  
  147  9:46  Terran Infantry Weapons Level 2, Terran Infantry Armor Level 2  
  147  9:47  Marine  
  147  9:50  Marine  
  147  9:52  Marine x2  
  148  9:59  Marine, Marauder x2  
  155  10:00  Liberator x2  
  155  10:02  Marauder  
  155  10:03  Marauder  
  155  10:06  Marine x3  
  155  10:07  Marine  
  159  10:08  Marine  
  160  10:16  Marine x2  
  160  10:17  Widow Mine  
  160  10:18  Marine  
  160  10:20  Marauder x2  
  160  10:24  Marine x2, Marauder  
  161  10:34  Marine  
  162  10:36  Marine  
  162  10:40  Marine, Liberator  
  162  10:41  Widow Mine  
  164  10:43  Liberator  
  164  10:45  Liberator  
  164  10:46  Marine, Marauder  
  164  10:48  Missile Turret  
  164  10:49  Marine  
  169  10:50  Marauder, Missile Turret  
  169  10:55  Planetary Fortress, Missile Turret  
  169  11:00  Medivac  
  169  11:03  Marauder  
  182  11:04  Marauder  
  182  11:09  SCV x2  
  182  11:10  SCV  
  187  11:12  Marine  
  187  11:13  Refinery  
  188  11:25  Supply Depot  
  188  11:26  Marine  
  188  11:27  Supply Depot  
  188  11:28  Marine  
  188  11:34  Marine  
  188  11:46  Marine, Marauder  
  188  11:47  Marauder  
  193  11:48  Liberator x2  
  193  11:51  Liberator  
  186  11:56  Marine, Marauder  
  139  12:02  Marine x6, Marauder  
  139  12:04  Marine  
  139  12:07  Marine x2, Widow Mine x2  
  166  12:11  Medivac  
  166  12:13  Marine  
  166  12:20  Marine x2, Marauder  
  167  12:26  Marine  
  167  12:27  Marine, Marauder  
  157  12:30  Marine x3  
  157  12:31  Marauder  
  157  12:32  Marine, Marauder  
  142  12:37  Marine  
  142  12:38  Marine  
  142  12:39  Widow Mine x2  
  142  12:41  Medivac  
  142  12:42  Marauder  
  152  12:44  Marine  
  152  12:48  Medivac x2  
  152  12:50  Marine x4  
  161  12:52  Marine  
  160  13:05  Marine x2  
Show
View Real Time Build Order
Export as new Build Order

RiSky Zerg 

Build Orders: Hatch First, Muta Ling Bane 

Get SALT Encoding   

  12  0:01  Drone  
  13  0:13  Overlord  
  13  0:18  Drone  
  14  0:31  Drone x2  
  14  0:35  Drone  
  17  0:52  Hatchery  
  17  0:54  Drone  
  17  0:57  Drone  
  18  1:09  Extractor  
  17  1:12  Spawning Pool  
  17  1:15  Drone  
  17  1:20  Drone  
  18  1:29  Drone  
  19  1:39  Overlord  
  19  1:50  Drone  
  20  1:59  Queen  
  20  2:01  Zergling x2  
  23  2:03  Queen  
  23  2:04  Zergling x2  
  26  2:10  Metabolic Boost  
  26  2:12  Drone  
  26  2:15  Drone  
  29  2:22  Drone  
  29  2:26  Drone  
  30  2:33  Overlord  
  30  2:39  Drone  
  30  2:40  Queen  
  32  2:45  Drone  
  32  2:50  Drone  
  32  2:51  Pneumatized Carapace  
  34  2:56  Drone  
  34  2:58  Drone  
  36  3:08  Drone x3  
  36  3:09  Overlord  
  36  3:11  Drone  
  41  3:12  Drone  
  41  3:14  Drone  
  41  3:34  Drone  
  41  3:36  Drone x2  
  41  3:37  Lair  
  41  3:40  Drone  
  45  3:43  Hatchery  
  45  3:44  Overlord  
  45  3:45  Drone  
  45  3:46  Drone x2  
  47  3:53  Drone x2  
  47  3:55  Extractor x2, Drone  
  50  3:57  Drone  
  50  3:58  Overlord  
  49  4:09  Evolution Chamber x2  
  47  4:12  Drone  
  47  4:13  Overlord  
  47  4:15  Extractor  
  47  4:18  Drone x4  
  47  4:23  Drone x4  
  47  4:24  Baneling Nest  
  54  4:27  Overlord  
  54  4:35  Queen  
  56  4:43  Overlord  
  56  4:45  Overlord  
  56  4:46  Zergling x2  
  56  4:47  Zergling x2  
  56  4:52  Zergling x6  
  61  4:53  Zergling x2  
  61  4:56  Queen  
  61  4:57  Zergling x6  
  67  5:00  Overlord  
  67  5:06  Centrifical Hooks  
  67  5:11  Zerg Melee Weapons Level 1  
  67  5:13  Baneling x4  
  67  5:16  Zerg Ground Armor Level 1  
  67  5:21  Zergling x2  
  67  5:22  Zergling x6  
  71  5:36  Overlord  
  71  5:48  Zergling x2  
  71  5:49  Zergling x14  
  79  5:53  Baneling x6  
  79  5:54  Zergling x2  
  79  5:56  Zergling x2  
  79  5:57  Queen, Zergling x10  
  86  6:04  Zergling x6  
  91  6:05  Baneling x2  
  91  6:06  Baneling x4  
  91  6:12  Overlord  
  91  6:19  Overlord  
  91  6:24  Drone  
  86  6:41  Drone  
  86  6:42  Drone x3  
  86  6:51  Drone x3  
  86  6:52  Drone  
  89  6:55  Spire, Drone x6  
  89  6:56  Extractor  
  89  6:57  Drone x2  
  93  7:02  Drone  
  93  7:07  Drone  
  95  7:10  Zerg Melee Weapons Level 2, Drone  
  95  7:11  Spore Crawler  
  95  7:14  Drone  
  96  7:17  Extractor x2  
  96  7:20  Spore Crawler  
  93  7:23  Drone x5  
  93  7:25  Drone x2  
  93  7:29  Drone  
  102  7:30  Drone x4  
  102  7:35  Overlord  
  105  7:37  Zerg Ground Armor Level 2  
  105  7:45  Overlord x2  
  105  7:46  Overlord  
  105  7:49  Overlord  
  105  7:56  Spore Crawler  
  104  8:02  Drone  
  105  8:09  Mutalisk  
  105  8:10  Mutalisk x9  
  125  8:16  Mutalisk  
  124  8:38  Zergling x18  
  124  8:39  Zergling x4  
  133  8:49  Overlord  
  133  8:50  Overlord x2  
  133  8:51  Overseer  
  133  9:07  Zergling x8  
  133  9:08  Zergling x8  
  129  9:27  Zergling x16  
  137  9:37  Mutalisk x3  
  141  9:41  Baneling x6  
  141  9:46  Hatchery, Zergling x6  
  141  9:51  Overlord  
  143  9:59  Overlord  
  142  10:04  Zergling x22  
  140  10:30  Infestation Pit, Zergling x24  
  140  10:34  Baneling x13  
  151  10:46  Overlord  
  151  10:51  Overlord  
  151  10:55  Extractor, Overlord x2  
  150  11:03  Queen  
  152  11:06  Hive  
  152  11:09  Overseer  
  152  11:13  Drone x13  
  152  11:15  Extractor, Overlord  
  164  11:21  Overlord  
  164  11:25  Corruptor x7  
  178  11:35  Corruptor  
  173  11:41  Hatchery  
  173  11:42  Zergling x12  
  115  12:03  Zergling x8  
  115  12:04  Zergling x16  
  115  12:06  Baneling  
  115  12:07  Baneling x12  
  122  12:14  Zergling x10  
  125  12:20  Zergling x10  
  118  12:33  Ultralisk Cavern  
  109  12:41  Baneling x2  
  109  12:46  Zergling x18  
  109  12:50  Baneling x6  
  117  12:51  Zergling x2  
  117  12:52  Zergling x12  
  115  13:07  Zergling x14  
Tags
 
Add a new tag
Caveats
  • Supply blocks, unpowered buildings, or Contaminate may cause inaccurate times.
  • Supply counts are checked every 10 seconds.